 Dungeon Crawl Stone Soup version 0.28-a0-178-ga708605c5b (webtiles) character file.

Game seed: 16248495666937330449

162822 Ezendos the Warrior (level 17, -3/185 HPs)
             Began as an Ogre Venom Mage on Aug 17, 2021.
             Was the Champion of Fedhas.
             Killed from afar by an eleionoma (27 damage)
             ... with a spray of wooden splinters
             ... on level 1 of the Swamp on Aug 18, 2021.
             The game lasted 02:13:22 (54225 turns).

Ezendos the Warrior (Ogre Venom Mage)              Turns: 54225, Time: 02:13:23

Health: -3/185     AC: 20    Str: 12    XL:     17   Next: 82%
Magic:  8/32       EV: 11    Int: 31    God:    Fedhas [******]
Gold:   1467       SH: 10    Dex: 12    Spells: 0/39 levels left

rFire   . . .      SeeInvis +   a - +11 spear of Foolhardiness {drain, Int+4 Dex+3}
rCold   . . .      Faith    +   u - +0 kite shield
rNeg    . . .      Spirit   .   I - +0 acid dragon scales
rPois   +          Reflect  .   A - +2 hat
rElec   +          Harm     .   (no cloak)
rCorr   +          Rampage  .   (gloves unavailable)
Will    +....                   (boots unavailable)
Stlth   ++........              e - amulet of faith
HPRegen 0.40/turn               q - ring of Taakhloxi {rElec Int+6 SInv}
MPRegen 0.23/turn               y - ring of poison resistance

@: ice-armoured, about to teleport, very slightly contaminated
A: large, unfitting armour, tough skin 1, iridescent scales 1, deterioration 1,
weak 2
a: Renounce Religion, Wall of Briars, Grow Ballistomycete, Overgrow, Grow Oklob


You were on level 1 of the Swamp.
You worshipped Fedhas.
Fedhas was exalted by your worship.
You visited 4 branches of the dungeon, and saw 25 of its levels.
You also visited: Sewer, Bailey and Ice Cave.

You collected 2625 gold pieces.
You spent 1158 gold pieces at shops.

Inventory:

Hand Weapons
 a - the +11 spear of Foolhardiness (weapon) {drain, Int+4 Dex+3}
   (You bought it in a shop on level 12 of the Dungeon)

   A truly terrible weapon, it drains the life of any living foe it strikes.
   Int:       It affects your intelligence (+4).
   Dex:       It affects your dexterity (+3).
Armour
 u - a +0 kite shield (worn)
 A - a +2 hat (worn)
 I - +0 acid dragon scales (worn)
Magical Staves
 n - a staff of poison
Jewellery
 e - an amulet of faith (around neck)
 h - a ring of protection from cold
 j - the ring "Uriamuut" {Fly rF+ Str+4}
   (You bought it in a shop on level 12 of the Dungeon)

   [ring of flight]

   Str:       It affects your strength (+4).
   rF:        It protects you from fire.
   Fly:       It grants you flight.
 q - the ring of Taakhloxi (left hand) {rElec Int+6 SInv}
   (You found it on level 3 of the Lair of Beasts)

   [ring of intelligence]

   Int:       It affects your intelligence (+6).
   rElec:     It insulates you from electricity.
   SInv:      It lets you see invisible.
 y - a ring of poison resistance (right hand)
 Q - a ring of positive energy
 T - an amulet of regeneration
 W - a ring of wizardry
Wands
 k - a wand of iceblast (18)
 o - a wand of acid (10)
 s - a wand of polymorph (31)
 w - a wand of digging (5)
 x - a wand of paralysis (25)
 E - a wand of charming (8)
 M - a wand of mindburst (14)
 V - a wand of flame (42)
Scrolls
 f - a scroll of torment
 i - a scroll of immolation
 p - 2 scrolls of identify
 v - 2 scrolls of summoning
 B - 5 scrolls of amnesia
 C - 6 scrolls of teleportation
 D - 5 scrolls of enchant armour
 F - 3 scrolls of fog
 J - 7 scrolls of enchant weapon
 L - 3 scrolls of fear
 R - 3 scrolls of brand weapon
 U - a scroll of blinking
 Y - 2 scrolls of magic mapping
Potions
 b - 7 potions of heal wounds
 c - 7 potions of haste
 d - 2 potions of lignification
 g - 4 potions of flight
 l - 6 potions of resistance
 m - 3 potions of cancellation
 t - 5 potions of curing
 z - a potion of invisibility
 G - 4 potions of magic
 H - 6 potions of mutation
 K - 2 potions of ambrosia
 O - 5 potions of might
 S - 2 potions of brilliance
Miscellaneous
 r - a condenser vane
 N - a phial of floods


   Skills:
 + Level 15.7 Fighting
 - Level 6.0 Polearms
 + Level 4.7 Armour
 - Level 7.0 Dodging
 - Level 4.0 Stealth
 - Level 9.0 Shields
 + Level 11.6 Spellcasting
 - Level 4.0 Conjurations
 * Level 0.2 Hexes
 - Level 5.0 Summonings
 - Level 0.8 Transmutations
 + Level 11.8 Ice Magic
 - Level 4.0 Air Magic
 - Level 6.0 Poison Magic
 + Level 12.5 Invocations
 + Level 3.4 Evocations


You couldn't memorise any spells.
You knew the following spells:

 Your Spells              Type           Power      Damage    Failure   Level
a - Ozocubu's Refrigerat  Ice            37%        4d12      26%         7
b - Freezing Cloud        Conj/Ice/Air   28%        6-21      8%          5
c - Frozen Ramparts       Ice            100%       1d12      1%          3
d - Mephitic Cloud        Conj/Pois/Air  46%        N/A       1%          3
e - Olgreb's Toxic Radia  Pois           53%        N/A       3%          4
f - Poisonous Vapours     Pois/Air       98%        N/A       1%          2
g - Metabolic Englaciati  Hex/Ice        26%        N/A       10%         5
A - Call Canine Familiar  Summ           49%        N/A       1%          3
B - Summon Ice Beast      Ice/Summ       63%        N/A       1%          4
C - Ozocubu's Armour      Ice            74%        N/A       1%          3

Your spell library contained the following spells:

 Spells                   Type           Power      Damage    Failure   Level
 Sting                    Tmut/Pois      100%       1d8       1%          1
 Corpse Rot               Necr/Air       N/A        N/A       2%          2
 Ice Form                 Ice/Tmut       55%        N/A       3%          4
 Dazzling Flash           Conj/Hex       62%        N/A       4%          3
 Ignite Poison            Fire/Tmut/Pois 32%        N/A       4%          3
 Portal Projectile        Hex/Tloc       36%        N/A       12%         3
 Animate Armour           Summ/Erth      66%        N/A       14%         4
 Iskenderun's Mystic Bla  Conj/Tloc      30%        2d8       19%         4
 Petrify                  Tmut/Erth      20%        N/A       32%         4
 Leda's Liquefaction      Hex/Erth       9%         N/A       36%         4
 Bolt of Magma            Conj/Fire/Erth 13%        4d8       54%         5
 Blade Hands              Tmut           11%        N/A       61%         5
 Iron Shot                Conj/Erth      15%        9d4       95%         6
 Starburst                Conj/Fire      15%        6d6       95%         6
 Statue Form              Tmut/Erth      13%        N/A       99%         6
 Ignition                 Fire           9%         3d5       100%        8


Dungeon Overview and Level Annotations

Branches:
Dungeon (15/15)            Temple (0/1) D:6            Lair (6/6) D:9
  Swamp (2/4) Lair:4       Spider (0/4) Lair:3        Slime (0/5) Lair:5
    Orc (2/2) D:9             Elf (0/3) Orc:2        Vaults (0/5) D:14
 Depths (0/5) D:15          Sewer (visited)          Bailey (visited)
  IceCv (visited)

Altars:
Ashenzari
Cheibriados
Dithmenos
Elyvilon
Fedhas
Gozag
Makhleb
Okawaru
Trog
Uskayaw
Wu Jian
Xom
Yredelemnul
The Shining One
Lugonu

Shops:
D:12 *   Orc:1 *   Orc:2 *=:*[

Annotations:
D:6 Sigmund
D:9 3 runed translucent doors, sanka's ghost, novice DjSu
D:10 1 runed translucent door, semitonal's ghost, journeyman OgVM
D:12 2 transporters
D:14 2 runed translucent doors, Caddeykod's ghost, journeyman GrFi
Orc:1 2 transporters, Ilepram's ghost, journeyman MfVM


Innate Abilities, Weirdness & Mutations

You are too large for most types of armour.
You have tough skin. (AC +1)
You are partially covered in iridescent scales. (AC +2)
Your body sometimes deteriorates upon taking damage.
You are very weak. (Str -4)


Message History

You block the eleionoma's attack.
You climb upwards.
There is a stone staircase leading down here.
Casting: Ozocubu's Refrigeration (dangerous; 26% risk of failure)
Confirm with . or Enter, or press ? or * to list all spells.
A film of ice covers your body!
The eleionoma splashes around in the water.
Casting: Ozocubu's Armour (safe; 1% risk of failure)
Confirm with . or Enter, or press ? or * to list all spells.
The eleionoma hits you!
* * * LOW HITPOINT WARNING * * *
Casting: Call Canine Familiar (safe; 1% risk of failure)
Confirm with . or Enter, or press ? or * to list all spells.
A chill wind blows around you. You block the eleionoma's attack.
You hit the eleionoma.
The eleionoma is lightly wounded.
The eleionoma hurls a spray of splinters at you.
The spray of wooden splinters hits you!
* * * LOW HITPOINT WARNING * * *
Your wolf barely misses the eleionoma.
You puncture the eleionoma!
The eleionoma is lightly wounded.
Your wolf misses the eleionoma.
Your ice beast barely misses the eleionoma.
The eleionoma splashes around in the water.
As you read the scroll of teleportation, it crumbles to dust.
You feel strangely unstable.
Your wolf bites the eleionoma!
Your ice beast hits the eleionoma.
Your ice beast freezes the eleionoma!
Your wolf bites the eleionoma.
The eleionoma hits you!
* * * LOW HITPOINT WARNING * * *
Your icy armour will break if you move.
Continue?
Okay, then.
You puncture the eleionoma!
The eleionoma is heavily wounded.
Your wolf bites the eleionoma!
Your ice beast hits the eleionoma.
Your ice beast freezes the eleionoma!
The eleionoma hurls a spray of splinters at you.
The spray of wooden splinters hits you!!
You die...
Fedhas appreciates your contribution to the ecosystem.

...≈≈...≈.≈≈≈♣
.≈≈≈≈.♣♣♣♣♣≈.♣♣♣♣
.≈≈≈≈.<♣♣ ♣♣♣≈..♣♣♣
.≈...≈.≈♣♣♣♣♣.≈..≈♣
.≈≈≈≈≈≈.♣≈.♣♣≈≈§.♣♣
.≈≈≈≈≈≈≈.≈≈♣♣.≈≈♣♣♣♣♣
.≈≈≈≈≈≈...♣♣♣.≈.♣≈..♣
♣..♣♣♣♣≈...≈..≈.♣≈..♣
♣♣♣♣♣♣♣♣≈≈....hY@.≈♣♣
♣≈..≈≈≈≈≈≈≈R≈.^♣
♣♣.≈≈≈≈≈≈≈≈≈≈..♣♣
♣.≈≈≈≈≈≈≈≈≈...≈♣
♣≈.≈≈≈≈≈≈."...♣♣
♣♣.≈≈≈≈≈§.♣♣♣♣♣
♣.≈≈≈≈≈.♣♣ ♣
♣♣♣♣♣♣≈≈≈≈..♣
♣♣♣.≈≈..≈≈≈..≈♣


You could see an eleionoma (ally target), a friendly ice beast (summoned) and a
friendly wolf (summoned).

Vanquished Creatures
  Rupert (D:14)
  A sphinx (D:15)
  An orc warlord (Orc:1)
  A stone giant (D:15)
  2 eleionomae (Swamp:1)
  3 boulder beetles
  9 hydras
  2 catoblepae
  5 centaur warriors
  6 two-headed ogres
  14 death yaks
  An alligator (Swamp:1)
  2 tengu warriors (D:13)
  Urug (Orc:2)
  3 orc high priests (Orc:2)
  4 goliath frogs (Swamp:1)
  3 skeletal warriors (D:14)
  A lindwurm (Lair:6)
  3 deep elf pyromancers
  7 orc knights
  A will-o-the-wisp (Swamp:1)
  A wolf spider (D:14)
  5 cyclopes
  3 orc sorcerers (Orc:2)
  2 manticores
  10 ugly things
  6 black mambas
  7 elephants (Lair:6)
  10 cane toads
  2 gargoyles (D:12)
  An unseen horror (D:11)
  11 rime drakes
  An efreet (D:14)
  6 komodo dragons
  A freezing wraith (D:14)
  2 tengu conjurers
  6 trolls
  2 hornets
  36 blink frogs
  3 slime creatures (D:14)
  2 tyrant leeches (Swamp:1)
  5 dream sheep (Lair:6)
  A redback (shapeshifter) (D:15)
  7 wyverns
  A shadow (D:9)
  A spriggan (Swamp:1)
  3 water elementals (D:14)
  42 yaks
  A vampire (D:13)
  12 humans (D:14)
  4 vampire mosquitoes (D:13)
  4 basilisks
  A steam dragon (D:4)
  4 swamp worms
  5 acid dragons
  12 water moccasins
  3 wargs
  28 orc warriors
  2 ice beasts (D:7)
  2 sky beasts
  A necrophage (D:8)
  A black bear (D:3)
  4 ogres
  4 wolves
  5 boggarts (D:15)
  19 centaurs
  A phantom (D:6)
  A kobold brigand (D:9)
  2 wyvern zombies
  11 bullfrogs
  2 scorpions (D:5)
  A cane toad simulacrum (IceCv)
  17 killer bees
  A troll zombie (D:9)
  5 wights
  2 electric eels (D:14)
  3 centaur zombies
  2 bullfrog zombies
  10 jellies (Lair:5)
  4 hounds
  6 iguanas
  9 orc priests
  A centaur skeleton (D:4)
  2 bullfrog skeletons
  3 gnoll shamans
  4 hell rats (Lair:5)
  16 orc wizards
  A polar bear simulacrum (IceCv)
  A wolf simulacrum (IceCv)
  2 ogre zombies (D:9)
  A hound zombie (D:5)
  A howler monkey zombie (D:12)
  12 gnolls
  6 adders
  A shadow imp (D:7)
  A white imp (D:6)
  2 ufetubi
  5 worms
  4 dart slugs
  70 orcs
  6 endoplasms
  12 giant cockroaches
  5 goblins
  10 hobgoblins
  3 jackals (D:1)
  10 kobolds
  7 quokkas
  7 ball pythons
  14 bats
  8 frilled lizards
  A goblin skeleton (D:9)
  A goblin zombie (D:9)
  4 hobgoblin zombies (D:9)
  2 orc skeletons (D:9)
  8 orc zombies
  3 rats (D:2)
  4 ballistomycete spores
675 creatures vanquished.

Vanquished Creatures (collateral kills)
  5 hydras
  4 death yaks
  2 skeletal warriors (D:14)
  An orc knight (Bailey)
  A lindwurm (Lair:6)
  A cyclops (D:14)
  An elephant (Lair:6)
  4 black mambas
  5 cane toads
  A gargoyle (D:12)
  A torpor snail (Lair:6)
  A freezing wraith (IceCv)
  4 rime drakes
  2 komodo dragons
  2 trolls
  A polar bear (Lair:3)
  8 blink frogs
  5 dream sheep
  3 wraiths
  A wyvern (Lair:6)
  6 yaks
  A shadow (D:9)
  4 basilisks
  A water elemental (D:14)
  4 humans (D:14)
  3 swamp worms (Lair:4)
  4 water moccasins
  A phantom (D:9)
  A wolf (Lair:3)
  A centaur (D:9)
  2 troll zombies (D:9)
  A wight (D:9)
  4 jellies (Lair:5)
  An orc priest (D:9)
  An orc wizard (D:10)
  An ogre zombie (D:9)
  2 orcs
  A hobgoblin skeleton (D:9)
  2 orc zombies (D:9)
  84 ballistomycete spores
178 creatures vanquished.

Vanquished Creatures (others)
  A centaur (D:11)
  An orc wizard (Orc:2)
  9 ballistomycete spores
  2 foxfires (Swamp:1)
  85 fungi
  73 plants
  4 withered plants (D:14)
175 creatures vanquished.

Grand Total: 1028 creatures vanquished

Notes
Turn   | Place    | Note
-------+----------+-------------------------------------------
     0 | D:1      | Ezendos the Ogre Venom Mage began the quest for the Orb.
     0 | D:1      | Reached XP level 1. HP: 16/16 MP: 3/3
   264 | D:1      | Reached XP level 2. HP: 23/26 MP: 1/5
   448 | D:1      | Reached skill level 1 in Fighting
   766 | D:1      | Reached XP level 3. HP: 33/33 MP: 1/7
  1332 | D:2      | Reached skill level 2 in Fighting
  1380 | D:2      | Found a faded altar of an unknown god.
  1497 | D:2      | Reached XP level 4. HP: 29/42 MP: 2/8
  1860 | D:2      | Learned a level 2 spell: Poisonous Vapours
  2573 | D:3      | Reached skill level 3 in Fighting
  2573 | D:3      | Reached XP level 5. HP: 20/53 MP: 0/10
  2654 | D:3      | Found a glowing drain.
  2659 | Sewer    | Entered a sewer
  2845 | Sewer    | Noticed a water moccasin
  3059 | D:3      | Gained mutation: You are partially covered in iridescent
                  | scales. (AC +2) [potion of mutation]
  3070 | D:3      | Reached skill level 1 in Air Magic
  3319 | D:3      | Noticed a black bear
  3408 | D:3      | Killed a black bear
  3409 | D:3      | Reached XP level 6. HP: 62/62 MP: 9/12
  3874 | D:3      | Found a blossoming altar of Fedhas.
  3884 | D:3      | Became a worshipper of Fedhas Madash
  3915 | D:3      | Reached skill level 4 in Fighting
  4815 | D:4      | Noticed a steam dragon
  4937 | D:4      | Found a white marble altar of Elyvilon.
  4979 | D:4      | Reached skill level 1 in Invocations
  5123 | D:4      | Found a hide-covered altar of Uskayaw.
  5123 | D:4      | Found an opulent altar of Gozag.
  5125 | D:4      | Found a broken altar of Ashenzari.
  5125 | D:4      | Found an iron altar of Okawaru.
  5725 | D:4      | Killed a steam dragon
  5726 | D:4      | Reached skill level 5 in Fighting
  5726 | D:4      | Reached XP level 7. HP: 17/72 MP: 4/13
  6099 | D:4      | Found a bloodstained altar of Trog.
  6099 | D:4      | Found a snail-covered altar of Cheibriados.
  6100 | D:4      | Found a burning altar of Makhleb.
  6325 | D:5      | Entered Level 5 of the Dungeon
  6684 | D:4      | Reached skill level 6 in Fighting
  7309 | D:5      | Found a shadowy altar of Dithmenos.
  7352 | D:5      | Reached XP level 8. HP: 79/84 MP: 5/14
  7495 | D:5      | Found a glowing golden altar of the Shining One.
  7772 | D:5      | Reached skill level 7 in Fighting
  9033 | D:6      | Reached * piety under Fedhas
  9348 | D:6      | Reached skill level 8 in Fighting
  9348 | D:6      | Reached skill level 5 in Spellcasting
  9659 | D:6      | Noticed Sigmund
 10065 | D:7      | Reached skill level 5 in Invocations
 10068 | D:7      | Reached XP level 9. HP: 91/97 MP: 11/16
 10468 | D:7      | Reached skill level 9 in Fighting
 10935 | D:7      | Found a basalt altar of Yredelemnul.
 10935 | D:7      | Found a shimmering altar of Xom.
 10940 | D:7      | You fall into a shaft and drop 2 floors!
 11007 | D:9      | HP: 3/100 [killer bee (5)]
 12113 | D:7      | Reached skill level 10 in Fighting
 12118 | D:7      | Learned a level 3 spell: Call Canine Familiar
 12208 | D:7      | Reached ** piety under Fedhas
 12252 | D:7      | Reached skill level 1 in Summonings
 12836 | D:6      | Found a staircase to the Ecumenical Temple.
 13953 | D:8      | Reached skill level 1 in Shields
 14038 | D:8      | Reached XP level 10. HP: 90/110 MP: 7/17
 15439 | D:9      | Found a staircase to the Lair.
 15739 | D:9      | Found a runed translucent gate.
 16915 | D:9      | Found a staircase to the Orcish Mines.
 16965 | D:9      | Reached *** piety under Fedhas
 17788 | D:9      | Found a runed translucent gate.
 17789 | D:9      | Found a runed translucent gate.
 17815 | D:9      | Noticed sanka's ghost (novice DjSu)
 17933 | D:9      | Reached skill level 11 in Fighting
 17937 | D:9      | Reached skill level 1 in Polearms
 19511 | D:10     | Entered Level 10 of the Dungeon
 20360 | D:10     | Noticed a two-headed ogre
 20415 | D:9      | Killed a two-headed ogre
 20416 | D:9      | Reached skill level 5 in Shields
 20721 | D:10     | Noticed semitonal's ghost (journeyman OgVM)
 20727 | D:10     | Found a runed translucent door.
 20771 | D:10     | Reached XP level 11. HP: 102/120 MP: 1/18
 20914 | D:10     | Noticed a centaur warrior
 20975 | Lair:1   | Entered Level 1 of the Lair of Beasts
 20980 | Lair:1   | Learned a level 3 spell: Mephitic Cloud
 20982 | Lair:1   | Noticed a six-headed hydra
 21011 | Lair:1   | Killed a six-headed hydra
 21019 | Lair:1   | Reached skill level 1 in Conjurations
 22935 | Lair:1   | Noticed a six-headed hydra
 23040 | Lair:1   | Noticed a boulder beetle
 23533 | Lair:1   | Killed a six-headed hydra
 23534 | Lair:1   | Reached skill level 12 in Fighting
 23575 | Lair:1   | Killed a boulder beetle
 24981 | Lair:2   | Noticed a five-headed hydra
 25004 | Lair:2   | Killed a five-headed hydra
 25005 | Lair:2   | Reached XP level 12. HP: 132/132 MP: 16/21
 25043 | Lair:2   | Noticed a seven-headed hydra
 25058 | Lair:2   | Killed a seven-headed hydra
 25205 | Lair:2   | Reached skill level 10 in Invocations
 25801 | Lair:2   | Reached skill level 5 in Summonings
 26051 | Lair:2   | Noticed a six-headed hydra
 26066 | Lair:2   | Killed a six-headed hydra
 27017 | Lair:3   | Learned a level 3 spell: Frozen Ramparts
 27276 | Lair:2   | Reached skill level 1 in Ice Magic
 27389 | Lair:2   | Reached XP level 13. HP: 140/140 MP: 22/22
 27395 | Lair:2   | Learned a level 4 spell: Summon Ice Beast
 27744 | Lair:3   | Reached **** piety under Fedhas
 28428 | Lair:3   | Found a hole to the Spider Nest.
 28428 | Lair:3   | Identified the ring of Taakhloxi {rElec Int+6 SInv}
 29299 | Lair:4   | Found a frozen archway.
 29317 | IceCv    | Entered an ice cave
 29332 | IceCv    | Reached skill level 5 in Polearms
 29677 | IceCv    | Found a transporter.
 29693 | IceCv    | Found a transporter.
 31560 | Lair:5   | Identified the +1 scale mail of Kikubaaqudgha's Favour
                  | {Harm Int+4}
 31599 | Lair:5   | Reached XP level 14. HP: 113/150 MP: 4/24
 32822 | Lair:3   | Learned a level 7 spell: Ozocubu's Refrigeration
 32978 | Lair:4   | Reached skill level 13 in Fighting
 33486 | Lair:4   | Found a staircase to the Swamp.
 33611 | Lair:5   | Found a staircase to the Slime Pits.
 33631 | Lair:5   | Reached skill level 1 in Armour
 33781 | Lair:5   | Reached ***** piety under Fedhas
 36408 | Lair:5   | Found a staircase to the Slime Pits.
 36919 | Lair:6   | Entered Level 6 of the Lair of Beasts
 37203 | Lair:6   | Learned a level 4 spell: Olgreb's Toxic Radiance
 37386 | Lair:6   | Reached skill level 14 in Fighting
 37393 | Lair:6   | Reached skill level 5 in Dodging
 37505 | Lair:6   | Reached ****** piety under Fedhas
 37506 | Lair:6   | Reached XP level 15. HP: 148/163 MP: 19/28
 37579 | Lair:6   | Identified the +1 leather armour "Ekogh" {Str+5 Int-2}
 39589 | Lair:6   | Reached skill level 10 in Spellcasting
 40351 | Lair:6   | Identified the +10 scimitar of the Elven Halls {freeze, rF-
                  | Str+3 Int+7 Dex-4}
 42698 | D:11     | Found an ornate altar of the Wu Jian Council.
 43206 | D:12     | Found a corrupted altar of Lugonu.
 43206 | D:12     | Found a transporter.
 43716 | D:12     | Found Paetubuy's Antique Artefacts.
 43724 | D:12     | Bought a twisted spear for 256 gold pieces
 43724 | D:12     | Identified the +11 spear of Foolhardiness {drain, Int+4
                  | Dex+3} (You bought it in a shop on level 12 of the Dungeon)
 43733 | D:12     | Bought a brightly glowing steel ring for 160 gold pieces
 43733 | D:12     | Identified the ring "Caal" {Fire +Blink rN+ Str+3 Int-2}
                  | (You bought it in a shop on level 12 of the Dungeon)
 43733 | D:12     | Bought a translucent silver ring for 160 gold pieces
 43733 | D:12     | Identified the ring "Uriamuut" {Fly rF+ Str+4} (You bought
                  | it in a shop on level 12 of the Dungeon)
 44042 | D:12     | Found a transporter.
 44240 | D:13     | Reached skill level 10 in Ice Magic
 44454 | D:13     | Gained mutation: You are weak. (Str -2) [mutagenic glow]
 44483 | D:13     | Gained mutation: Your body sometimes deteriorates upon
                  | taking damage. [mutagenic glow]
 45639 | D:14     | Found a gate to the Vaults.
 45639 | D:14     | Noticed Rupert
 45905 | D:14     | Found a large runed translucent door.
 45905 | D:14     | Found a large runed translucent door.
 45943 | D:14     | Noticed Caddeykod's ghost (journeyman GrFi)
 46411 | D:14     | Killed Rupert
 46412 | D:14     | Reached skill level 15 in Fighting
 46412 | D:14     | Reached skill level 1 in Evocations
 46412 | D:14     | Reached XP level 16. HP: 176/176 MP: 2/30
 46421 | D:14     | Reached skill level 5 in Poison Magic
 46437 | D:14     | Found a basalt altar of Yredelemnul.
 47834 | D:15     | Entered Level 15 of the Dungeon
 47969 | D:15     | Found a staircase to the Depths.
 48271 | D:15     | Gained mutation: You are very weak. (Str -4) [mutagenic
                  | glow]
 48781 | D:15     | Found a hide-covered altar of Uskayaw.
 49038 | D:15     | Noticed a sphinx
 49050 | D:15     | Killed a sphinx
 49673 | Orc:1    | Entered Level 1 of the Orcish Mines
 49886 | Orc:1    | Found a flagged portal.
 49901 | Bailey   | Entered a bailey
 50329 | Bailey   | Reached XP level 17. HP: 174/184 MP: 20/32
 50678 | Orc:1    | Found a transporter.
 50680 | Orc:1    | Found a transporter.
 50727 | Orc:1    | Found a bloodstained altar of Trog.
 50836 | Orc:1    | Noticed Ilepram's ghost (journeyman MfVM)
 51060 | Orc:1    | Found Irraryrr's Assorted Antiques.
 51068 | Orc:1    | Bought a glowing black potion for 20 gold pieces
 51068 | Orc:1    | Bought a scroll of teleportation for 69 gold pieces
 51514 | Orc:2    | Entered Level 2 of the Orcish Mines
 51514 | Orc:2    | Found a staircase to the Elven Halls.
 52054 | Orc:2    | Found Bidezipp's Assorted Antiques.
 52101 | Orc:2    | Noticed Urug
 52123 | Orc:2    | Killed Urug
 52676 | Orc:2    | Found Xicebry's Jewellery Emporium.
 52676 | Orc:2    | Found Ybuipt's Armour Shop.
 52678 | Orc:2    | Found Qakh's Book Emporium.
 52678 | Orc:2    | Found Taerorch's General Store.
 52760 | Orc:2    | Bought a scroll of blinking for 105 gold pieces
 52760 | Orc:2    | Bought a scroll of fog for 28 gold pieces
 52774 | Orc:2    | Bought Ozocubu's Autobiography for 360 gold pieces
 52778 | Orc:2    | Learned a level 3 spell: Ozocubu's Armour
 52784 | Orc:2    | Learned a level 5 spell: Freezing Cloud
 52963 | Swamp:1  | Entered Level 1 of the Swamp
 53676 | Swamp:1  | Learned a level 5 spell: Metabolic Englaciation
 54225 | Swamp:1  | Killed from afar by an eleionoma

Illustrated notes

Levels and vault maps discovered:
D:1:      dpeg_arrival_tiny_a, layout_loops_ring
D:2:      minmay_roachtagon, layout_rooms, ebering_ecumenical_altar_hall
D:3:      minmay_octagon_keep, layout_loops_corners, fedhas_altar_3,
          portal_sewer_entry_e
D:4:      layout_loops_corners, chequers_temple_overflow_statue_of_worship,
          gammafunk_temple_overflow_claw, mainiacjoe_overflow_alcove_4,
          lightli_ossuary_entry_decrepit_ruins, st_stairs_10
D:5:      layout_basic, lemuel_crystal_altar, grunt_dithmenos_smoke_and_mirrors,
          grunt_ministairs_6
D:6:      layout_basic, minmay_temple_entry_mist, hangedman_decor_opposing,
          grunt_ministairs_2, uniq_sigmund, uniq_pikel
D:7:      layout_basic, gammafunk_temple_overflow_elements
D:8:      minmay_spotlight, layout_basic
D:9:      layout_irregular_city, lair_entry_dummy, zombieorc1_lemuel,
          gammafunk_ghost_spectres, columned_hall_lemuel, minmay_holes
D:10:     layout_basic, hellmonk_ghost_big_iron
D:11:     layout_small_grid, nicolae_wu_jian_immortal_techniques
D:12:     gammafunk_corrupted_shrine, layout_rooms, eino_curves_02,
          nicolae_antique_artefacts
D:13:     layout_basic
D:14:     layout_basic, david_vaults_3, yredelemnul_altar_generic,
          ebering_ghost_disaster_area
D:15:     grunt_enter_depths_giant_problem, layout_stronghold,
          nicolae_uskayaw_dance_hall
Lair:1:   layout_gridlike, grunt_megastairs_5
Lair:2:   layout_cave_pods, nicolae_volcano_entry_s_turn,
          chequers_serial_rivers_small_b, st_stairs_6, grunt_megastairs_3
Lair:3:   nzn_winding_woodlands_three_and_one
          [nzn_winding_woodlands_5x15_parted,
          nzn_winding_woodlands_5x15_sawtooth,
          nzn_winding_woodlands_5x15_default,
          nzn_winding_woodlands_center_diamonds], layout_loops_ring,
          spider_nest_entry_web_field, nicolae_quartered_pool_super
Lair:4:   layout_roguey, palyth_hydra_swamp_entry,
          portal_ice_cave_entry_pillars_1, chequers_serial_rivers_large_b,
          grunt_megastairs_1, lemuel_fruit_tree
Lair:5:   layout_roguey, minmay_slime_entry_jelly_boxes, special_room
          [special_room_mythical_zoo], beast_lair_carwin_8
Lair:6:   hangedman_lair_in_review, layout_cave_pods
Swamp:1:  layout_basic_swamp, evilmike_swamp_ruin_house_1, swamp_pool2,
          infiniplex_staircase_pool
Swamp:2:  layout_basic_swamp, nicolae_swamp_triple_paths
Orc:1:    layout_caves, enter_bailey_3, gammafunk_ghost_wrathful_warriors,
          serial_shops, shop
Orc:2:    grunt_orc_tribal_feast, layout_caves, serial_shops, shop, uniq_urug

Skill      XL: |  1  2  3  4  5  6  7  8  9 10 11 12 13 14 15 16 17 |
---------------+----------------------------------------------------+-----
Fighting       | 1 2 3 5 6 8 10 11 12 14 15 | 15.7
Poison Magic   | 3 4 5 6 |  6.0
Spellcasting   | 3 4 5 6 7 9 10 11 | 11.6
Stealth        | 2 3 4 |  4.0
Air Magic      | 2 3 4 |  4.0
Invocations    | 2 4 5 7 9 10 11 12 | 12.5
Dodging        | 2 5 6 7 |  7.0
Summonings     | 3 4 5 |  5.0
Shields        | 1 5 7 8 9 |  9.0
Polearms       | 2 3 4 5 6 |  6.0
Conjurations   | 2 4 |  4.0
Ice Magic      | 7 8 9 10 11 | 11.8
Armour         | 2 3 4 |  4.7
Evocations     | 1 2 3 |  3.4
Hexes          | |  0.2
Transmutations | |  0.8

Action                   |  1- 3 |  4- 6 |  7- 9 | 10-12 | 13-15 | 16-18 || total
-------------------------+-------+-------+-------+-------+-------+-------++-------
Melee: Unarmed           |     4 |       |       |       |       |       ||     4
       Whip              |     9 |       |       |       |       |       ||     9
       Dagger            |    21 |   108 |   267 |   219 |       |       ||   615
       Hand axe          |       |     8 |       |       |       |       ||     8
       Halberd           |       |       |       |   133 |       |       ||   133
       Trident           |       |       |       |    38 |   240 |       ||   278
       Staff             |       |       |       |       |   176 |       ||   176
       Spear             |       |       |       |       |   153 |   286 ||   439
 Cast: Sting             |    54 |   126 |   102 |    15 |       |       ||   297
       Poisonous Vapours |       |    46 |   172 |   189 |   183 |    62 ||   652
       Call Canine Famil |       |       |       |    63 |    25 |    13 ||   101
       Frozen Ramparts   |       |       |       |     2 |   116 |    14 ||   132
       Summon Ice Beast  |       |       |       |       |    98 |    16 ||   114
       Mephitic Cloud    |       |       |       |       |    21 |     6 ||    27
       Ozocubu's Refrige |       |       |       |       |    15 |    17 ||    32
       Olgreb's Toxic Ra |       |       |       |       |     6 |    18 ||    24
       Freezing Cloud    |       |       |       |       |       |    18 ||    18
       Ozocubu's Armour  |       |       |       |       |       |     3 ||     3
       Metabolic Englaci |       |       |       |       |       |     2 ||     2
Invok: Wall of Briars    |       |       |       |     8 |     6 |       ||    14
       Grow Ballistomyce |       |       |       |    10 |     6 |     3 ||    19
       Overgrow          |       |       |       |       |     1 |       ||     1
Evoke: Wand              |       |       |       |       |     7 |       ||     7
  Use: Scroll            |       |     7 |     6 |     1 |    12 |     1 ||    27
       Potion            |       |     5 |     6 |     1 |     1 |     1 ||    14
 Stab: Sleeping          |     2 |     1 |     2 |     1 |     1 |     1 ||     8
       Distracted        |       |       |       |     5 |     3 |     2 ||    10
       Confused          |       |       |       |       |     6 |     1 ||     7
Armor: Robe              |    29 |   116 |   124 |   132 |   111 |       ||   512
       Skin              |       |     9 |       |       |       |       ||     9
       Acid dragon scale |       |       |       |       |    30 |    49 ||    79
Dodge: Dodged            |    39 |   116 |   238 |   240 |   228 |    67 ||   928
Block: Kite shield       |       |       |       |    27 |   238 |    89 ||   354

Table legend: (Time is in decaauts)
 A = Elapsed time spent in this place.
 B = Non-inter-level travel time spent in this place.
 C = Inter-level travel time spent in this place.
 D = Time resting spent in this place.
 E = Time spent auto-exploring this place.
 F = Levels seen in this place.
 G = Mean time per level.
                   A        B        C        D        E       F      G
               +--------+--------+--------+--------+--------+-----+--------+
         Total |  54438 |  52095 |   2343 |  11724 |  29595 |  28 | 1944.2 |
       Dungeon |  30530 |  29112 |   1418 |   4859 |  18375 |  15 | 2035.3 |
          Lair |  18892 |  18115 |    777 |   5801 |   8536 |   6 | 3148.7 |
         Swamp |   1288 |   1272 |     16 |    140 |    914 |   2 |  644.0 |
  Orcish Mines |   2420 |   2289 |    131 |    175 |   1623 |   2 | 1210.0 |
         Sewer |    201 |    201 |      0 |    147 |     17 |   1 |  201.0 |
        Bailey |    707 |    707 |      0 |    269 |    129 |   1 |  707.0 |
      Ice Cave |    396 |    396 |      0 |    333 |      0 |   1 |  396.0 |
               +--------+--------+--------+--------+--------+-----+--------+

Top non-repeatable levels by time:
     D:9: 5766 daAuts
  Lair:6: 3532 daAuts
  Lair:5: 3393 daAuts
     D:8: 3311 daAuts
  Lair:4: 3180 daAuts
  Lair:3: 3090 daAuts
  Lair:1: 2892 daAuts
  Lair:2: 2802 daAuts
    D:14: 2583 daAuts
     D:5: 2195 daAuts
     D:4: 2161 daAuts
     D:3: 2098 daAuts
     D:7: 2024 daAuts
    D:10: 1706 daAuts
    D:13: 1547 daAuts
